TOP OF THE 1ST |
Delmarva Shorebirds batting - Pitching for Burlington Bees : RHP Jon Trujillo
|
Pitching: RHP Jon Trujillo
|
|
Batting: RHB Josh Hopp
|
0-0: SINGLE (Flyball, 6MD, EV 95.6 MPH)
|
Batting: RHB Daniel Jackson
|
0-0: Called Strike 0-1: SINGLE (Groundball, 6MD, EV 103.1 MPH) Josh Hopp to second
|
Batting: RHB Ethan Finke
|
0-0: Ball 1-0: SINGLE (Groundball, 6MS, EV 66.9 MPH) (infield hit) Josh Hopp to third Daniel Jackson to second
|
Batting: RHB Ismael Macedo
|
0-0: Called Strike 0-1: Foul Ball, location: 2F 0-2: Ball 1-2: Ball 2-2: Ball 3-2: Base on Balls Josh Hopp scores Daniel Jackson to third Ethan Finke to second
|
Batting: RHB Luke Vaccarino
|
0-0: Called Strike 0-1: Swinging Strike 0-2: Foul Ball, location: 2F 0-2: Ball 1-2: Strikes out swinging
|
Batting: RHB Francisco Viera
|
0-0: Ball 1-0: Grounds into double play, 5-4-3 (Groundball, 5, EV 100.6 MPH)
|
Top of the 1st over - 1 run, 3 hits, 0 errors, 2 left on base; Delmarva 1 - Burlington 0 |
BOTTOM OF THE 1ST |
Burlington Bees batting - Pitching for Delmarva Shorebirds : RHP Ryan Kotter
|
Pitching: RHP Ryan Kotter
|
|
Batting: RHB Ricky Mejicanos
|
0-0: Called Strike 0-1: Swinging Strike 0-2: Fly out, F4 (Popup, 3DF, EV 60.0 MPH)
|
Batting: RHB Nick Lombardo
|
0-0: Swinging Strike 0-1: Ball 1-1: Called Strike 1-2: Ball 2-2: Strikes out looking
|
Batting: LHB Dave Hicks
|
0-0: Ball 1-0: Ball 2-0: Called Strike 2-1: Foul Ball, location: 2F 2-2: Strikes out swinging
|
Bottom of the 1st over - 0 runs, 0 hits, 0 errors, 0 left on base; Delmarva 1 - Burlington 0 |
TOP OF THE 2ND |
Delmarva Shorebirds batting - Pitching for Burlington Bees : RHP Jon Trujillo
|
Batting: RHB Mike Zepeda
|
0-0: Ball 1-0: Foul Ball, location: 2F 1-1: Foul Ball, location: 2F 1-2: Ball 2-2: Ball 3-2: Foul Ball, location: 2F 3-2: Hit by Pitch
|
Batting: RHB Tony Godley
|
0-0: Ball 1-0: Called Strike Mike Zepeda steals 2nd base 1-1: Ball 2-1: Ground out 5-3 (Groundball, 5S, EV 93.1 MPH)
|
Batting: RHB Matt O'Dea
|
0-0: Ball 1-0: Ball 2-0: Ball 3-0: Base on Balls
|
Batting: RHB Josh Hopp
|
0-0: Hit by Pitch Mike Zepeda to third Matt O'Dea to second
|
Batting: RHB Daniel Jackson
|
0-0: Called Strike 0-1: Ball 1-1: Called Strike 1-2: Ball 2-2: Fielders Choice at 2nd, 6-4 (Groundball, 6, EV 81.2 MPH) Mike Zepeda scores Matt O'Dea to third
|
Batting: RHB Ethan Finke
|
0-0: Ball 1-0: Ball 2-0: Ball 3-0: Called Strike 3-1: Ground out 4-3 (Groundball, 4, EV 85.6 MPH)
|
Top of the 2nd over - 1 run, 0 hits, 0 errors, 2 left on base; Delmarva 2 - Burlington 0 |
BOTTOM OF THE 2ND |
Burlington Bees batting - Pitching for Delmarva Shorebirds : RHP Ryan Kotter
|
Batting: LHB Mutsuo IIda
|
0-0: Ball 1-0: Fly out, F8 (Flyball, 78D, EV 88.8 MPH)
|
Batting: RHB Peter Westover
|
0-0: Foul Ball, location: 2F 0-1: Ball 1-1: Ball 2-1: Fly out, F3 (Popup, 3F, EV 66.9 MPH)
|
Batting: RHB Dean LeCroy
|
0-0: Swinging Strike 0-1: Ball 1-1: Foul Ball, location: 2F 1-2: Strikes out swinging, 2-3 out at first.
|
Bottom of the 2nd over - 0 runs, 0 hits, 0 errors, 0 left on base; Delmarva 2 - Burlington 0 |
TOP OF THE 3RD |
Delmarva Shorebirds batting - Pitching for Burlington Bees : RHP Jon Trujillo
|
Batting: RHB Ismael Macedo
|
0-0: Swinging Strike 0-1: Reached on error, E4 (Groundball, 4M, EV 86.9 MPH)
|
Batting: RHB Luke Vaccarino
|
0-0: Called Strike 0-1: Called Strike 0-2: Ball 1-2: Fly out, F4 (Line Drive, 4, EV 66.2 MPH)
|
Batting: RHB Francisco Viera
|
0-0: Ball Ismael Macedo is caught stealing 2nd base 2-4 1-0: Called Strike 1-1: Called Strike 1-2: Hit by Pitch
|
Batting: RHB Mike Zepeda
|
0-0: Ball Francisco Viera steals 2nd base 1-0: Ground out 5-3 (Groundball, 5, EV 87.5 MPH)
|
Top of the 3rd over - 0 runs, 0 hits, 1 error, 1 left on base; Delmarva 2 - Burlington 0 |
BOTTOM OF THE 3RD |
Burlington Bees batting - Pitching for Delmarva Shorebirds : RHP Ryan Kotter
|
Batting: RHB Timoleon Tsikouna
|
0-0: Ball 1-0: Ground out 5-3 (Groundball, 56S, EV 84.4 MPH)
|
Batting: RHB T.J. Gray
|
0-0: Ball 1-0: Foul Ball, location: 2F 1-1: Foul Ball, location: 2F 1-2: Reached on error, E5 (Groundball, 56, EV 78.1 MPH)
|
Batting: RHB Wilford Harper
|
0-0: Swinging Strike 0-1: Ball 1-1: Ground out 3-1 (Groundball, 34S, EV 88.8 MPH) T.J. Gray to second
|
Batting: RHB Ricky Mejicanos
|
0-0: Ball 1-0: Swinging Strike 1-1: Fly out, F8 (Flyball, 8LM, EV 79.4 MPH)
|
Bottom of the 3rd over - 0 runs, 0 hits, 1 error, 1 left on base; Delmarva 2 - Burlington 0 |
TOP OF THE 4TH |
Delmarva Shorebirds batting - Pitching for Burlington Bees : RHP Jon Trujillo
|
Batting: RHB Tony Godley
|
0-0: Ball 1-0: Ground out 5-3 (Groundball, 56, EV 86.2 MPH)
|
Batting: RHB Matt O'Dea
|
0-0: Called Strike 0-1: Ball 1-1: Ball 2-1: Foul Ball, location: 2F 2-2: Ball 3-2: Fly out, F4 (Line Drive, 4, EV 64.4 MPH)
|
Batting: RHB Josh Hopp
|
0-0: Ball 1-0: Swinging Strike 1-1: Called Strike 1-2: Strikes out swinging
|
Top of the 4th over - 0 runs, 0 hits, 0 errors, 0 left on base; Delmarva 2 - Burlington 0 |
BOTTOM OF THE 4TH |
Burlington Bees batting - Pitching for Delmarva Shorebirds : RHP Ryan Kotter
|
Batting: RHB Nick Lombardo
|
0-0: SINGLE (Groundball, 6S, EV 95.6 MPH)
|
Batting: LHB Dave Hicks
|
0-0: Ball Nick Lombardo steals 2nd base 1-0: Called Strike 1-1: Fly out, F7 (Line Drive, 7LM, EV 93.1 MPH)
|
Batting: LHB Mutsuo IIda
|
0-0: Foul Ball, location: 2F 0-1: Ball 1-1: Called Strike 1-2: Ball 2-2: Ball 3-2: Foul Ball, location: 2F 3-2: Base on Balls
|
Batting: RHB Peter Westover
|
0-0: Called Strike 0-1: Foul Ball, location: 2F 0-2: Foul Ball, location: 2F 0-2: Foul Ball, location: 2F 0-2: Strikes out looking
|
Batting: RHB Dean LeCroy
|
0-0: Ground out 5-3 (Groundball, 56S, EV 86.2 MPH)
|
Bottom of the 4th over - 0 runs, 1 hit, 0 errors, 2 left on base; Delmarva 2 - Burlington 0 |
TOP OF THE 5TH |
Delmarva Shorebirds batting - Pitching for Burlington Bees : RHP Jon Trujillo
|
Batting: RHB Daniel Jackson
|
0-0: Ball 1-0: Ball 2-0: Ball 3-0: Base on Balls
|
Batting: RHB Ethan Finke
|
0-0: Ball Wild Pitch! Daniel Jackson to second 1-0: Called Strike Daniel Jackson steals 3rd base 1-1: Swinging Strike 1-2: Ball 2-2: Ball 3-2: Base on Balls
|
Batting: RHB Ismael Macedo
|
0-0: Called Strike 0-1: Swinging Strike 0-2: Fielders Choice at 2nd, 6-4 (Groundball, 6, EV 90.6 MPH) Daniel Jackson scores
|
Pitching: RHP Humberto Paniagua
|
|
Batting: RHB Luke Vaccarino
|
0-0: Foul Ball, location: 2F 0-1: Ball 1-1: Swinging Strike 1-2: Fly out, F9 (Flyball, 89M, EV 76.2 MPH)
|
Batting: RHB Francisco Viera
|
0-0: Swinging Strike 0-1: Ball 1-1: Ball 2-1: Ball 3-1: Called Strike 3-2: Foul Ball, location: 2F 3-2: Base on Balls Ismael Macedo to second
|
Batting: RHB Mike Zepeda
|
0-0: Ball 1-0: Ball 2-0: Fly out, F8 (Flyball, 8RM, EV 92.5 MPH)
|
Top of the 5th over - 1 run, 0 hits, 0 errors, 2 left on base; Delmarva 3 - Burlington 0 |
BOTTOM OF THE 5TH |
Burlington Bees batting - Pitching for Delmarva Shorebirds : RHP Ryan Kotter
|
Batting: RHB Timoleon Tsikouna
|
0-0: Foul Ball, location: 2F 0-1: Reaches on Catchers interference
|
Batting: RHB T.J. Gray
|
0-0: Ball Pickoff Throw to First - Out! 1-3 CS 1-0: Ball 2-0: Foul Ball, location: 2F 2-1: Ball 3-1: Base on Balls
|
Batting: RHB Wilford Harper
|
0-0: DOUBLE (Line Drive, 5D, EV 95.0 MPH) T.J. Gray to third Runner from 3rd tries for Home, SAFE, throw by LF to home
|
Batting: RHB Ricky Mejicanos
|
0-0: Called Strike 0-1: DOUBLE (Flyball, 8RXD, EV 109.4 MPH) Wilford Harper scores
|
Batting: RHB Nick Lombardo
|
0-0: Called Strike 0-1: Ball 1-1: Ground out 6-3 (Groundball, 6S, EV 86.9 MPH) Ricky Mejicanos to third
|
Batting: LHB Dave Hicks
|
0-0: Foul Ball, location: 2F 0-1: Ground out 3-1 (Groundball, 34, EV 103.1 MPH)
|
Bottom of the 5th over - 2 runs, 2 hits, 1 error, 1 left on base; Delmarva 3 - Burlington 2 |
TOP OF THE 6TH |
Delmarva Shorebirds batting - Pitching for Burlington Bees : RHP Humberto Paniagua
|
Batting: RHB Tony Godley
|
0-0: Fly out, F9 (Flyball, 9S, EV 93.1 MPH)
|
Batting: RHB Matt O'Dea
|
0-0: Called Strike 0-1: Foul Ball, location: 2F 0-2: Foul Ball, location: 2F 0-2: SOLO HOME RUN (Flyball, 7LD, EV 98.8 MPH), Distance : 376 ft
|
Batting: RHB Josh Hopp
|
0-0: Called Strike 0-1: Ball 1-1: Foul Ball, location: 2F 1-2: Fly out, F3 (Popup, 3F, EV 73.1 MPH)
|
Batting: RHB Daniel Jackson
|
0-0: Swinging Strike 0-1: Swinging Strike 0-2: Strikes out swinging
|
Top of the 6th over - 1 run, 1 hit, 0 errors, 0 left on base; Delmarva 4 - Burlington 2 |
BOTTOM OF THE 6TH |
Burlington Bees batting - Pitching for Delmarva Shorebirds : RHP Ryan Kotter
|
Batting: LHB Mutsuo IIda
|
0-0: Ball 1-0: Swinging Strike 1-1: Ground out 3-1 (Groundball, 34, EV 84.4 MPH)
|
Batting: RHB Peter Westover
|
0-0: Ball 1-0: Swinging Strike 1-1: Foul Ball, location: 2F 1-2: Ball 2-2: SINGLE (Line Drive, 5D, EV 106.2 MPH)
|
Batting: RHB Dean LeCroy
|
0-0: Called Strike 0-1: Ball 1-1: Ball 2-1: Swinging Strike 2-2: SINGLE (Line Drive, 8RS, EV 85.0 MPH) Peter Westover to second Runner from 2nd tries for 3rd, OUT! 8-5
|
Batting: RHB Timoleon Tsikouna
|
0-0: Ball 1-0: Foul Ball, location: 2F 1-1: Ball 2-1: Fielders Choice at 2nd, 6-4 (Groundball, 6, EV 76.9 MPH)
|
Bottom of the 6th over - 0 runs, 2 hits, 0 errors, 1 left on base; Delmarva 4 - Burlington 2 |
TOP OF THE 7TH |
Delmarva Shorebirds batting - Pitching for Burlington Bees : RHP Humberto Paniagua
|
Pitching: RHP Simon Vogel
|
|
Batting: RHB Ethan Finke
|
0-0: Ball 1-0: Swinging Strike 1-1: Swinging Strike 1-2: Ground out 6-3 (Groundball, 56, EV 103.8 MPH)
|
Batting: RHB Ismael Macedo
|
0-0: Called Strike 0-1: Ground out 5-3 (Groundball, 56, EV 82.5 MPH)
|
Batting: RHB Luke Vaccarino
|
0-0: Foul Ball, location: 2F 0-1: Ball 1-1: Foul Ball, location: 2F 1-2: Strikes out looking
|
Top of the 7th over - 0 runs, 0 hits, 0 errors, 0 left on base; Delmarva 4 - Burlington 2 |
BOTTOM OF THE 7TH |
Burlington Bees batting - Pitching for Delmarva Shorebirds : RHP Ryan Kotter
|
Batting: RHB T.J. Gray
|
0-0: Ball 1-0: Ground out 4-3 (Groundball, 34D, EV 101.9 MPH)
|
Batting: RHB Wilford Harper
|
0-0: Foul Ball, location: 2F 0-1: Ball 1-1: Ball 2-1: Ball 3-1: Foul Ball, location: 2F 3-2: Base on Balls
|
Pitching: RHP Jose Santos
|
|
Batting: RHB Ricky Mejicanos
|
0-0: Called Strike 0-1: Ball 1-1: Called Strike 1-2: Ball 2-2: Ground out 4-3 (Groundball, 4S, EV 69.4 MPH) Wilford Harper to second
|
Batting: RHB Nick Lombardo
|
0-0: Ball 1-0: Foul Ball, location: 2F 1-1: Fly out, F8 (Flyball, 8LXD, EV 89.4 MPH)
|
Bottom of the 7th over - 0 runs, 0 hits, 0 errors, 1 left on base; Delmarva 4 - Burlington 2 |
TOP OF THE 8TH |
Delmarva Shorebirds batting - Pitching for Burlington Bees : RHP Simon Vogel
|
Batting: RHB Francisco Viera
|
0-0: Foul Ball, location: 2F 0-1: Called Strike 0-2: Fly out, F9 (Flyball, 89M, EV 91.2 MPH)
|
Batting: RHB Mike Zepeda
|
0-0: Ground out 6-3 (Groundball, 6MD, EV 85.0 MPH)
|
Batting: RHB Tony Godley
|
0-0: Swinging Strike 0-1: Foul Ball, location: 2F 0-2: Fly out, F8 (Flyball, 8RM, EV 89.4 MPH)
|
Top of the 8th over - 0 runs, 0 hits, 0 errors, 0 left on base; Delmarva 4 - Burlington 2 |
BOTTOM OF THE 8TH |
Burlington Bees batting - Pitching for Delmarva Shorebirds : RHP Jose Santos
|
Batting: LHB Dave Hicks
|
0-0: Ball 1-0: Ball 2-0: Foul Ball, location: 2F 2-1: Ball 3-1: Called Strike 3-2: Foul Ball, location: 2F 3-2: Foul Ball, location: 2F 3-2: DOUBLE (Flyball, 89XD, EV 111.9 MPH)
|
Batting: LHB Mutsuo IIda
|
0-0: Ball 1-0: Ball 2-0: Ball 3-0: Base on Balls
|
Batting: RHB Peter Westover
|
0-0: Ball 1-0: Swinging Strike 1-1: Foul Ball, location: 2F 1-2: Strikes out swinging
|
Batting: RHB Dean LeCroy
|
0-0: Ball 1-0: Called Strike 1-1: Foul Ball, location: 2F 1-2: Ball 2-2: Strikes out swinging
|
Pitching: RHP Fabiano Ceriani
|
|
Batting: RHB Timoleon Tsikouna
|
0-0: Ground out 5-3 (Groundball, 5S, EV 86.9 MPH)
|
Bottom of the 8th over - 0 runs, 1 hit, 0 errors, 2 left on base; Delmarva 4 - Burlington 2 |
TOP OF THE 9TH |
Delmarva Shorebirds batting - Pitching for Burlington Bees : RHP Simon Vogel
|
Pitching: RHP Josh Reynolds
|
|
Batting: RHB Matt O'Dea
|
0-0: Ball 1-0: Swinging Strike 1-1: Foul Ball, location: 2F 1-2: Ball 2-2: Ball 3-2: Ground out 4-3 (Groundball, 4M, EV 86.9 MPH)
|
Batting: RHB Josh Hopp
|
0-0: Called Strike 0-1: SINGLE (Flyball, 8LS, EV 96.2 MPH)
|
Batting: RHB Daniel Jackson
|
0-0: Ball Josh Hopp steals 2nd base 1-0: Swinging Strike 1-1: Swinging Strike 1-2: Fly out, F8 (Line Drive, 8LM, EV 86.2 MPH)
|
Batting: RHB Ethan Finke
|
0-0: Foul Ball, location: 2F 0-1: SINGLE (Line Drive, 8LS, EV 98.1 MPH) Josh Hopp to third Runner from 3rd tries for Home, SAFE, throw by CF to home Ethan Finke to second
|
Batting: RHB Ismael Macedo
|
0-0: Fly out, F9 (Flyball, 9S, EV 92.5 MPH)
|
Top of the 9th over - 1 run, 2 hits, 0 errors, 1 left on base; Delmarva 5 - Burlington 2 |
BOTTOM OF THE 9TH |
Burlington Bees batting - Pitching for Delmarva Shorebirds : RHP Fabiano Ceriani
|
Pitching: RHP Harley Hyde
|
|
Batting: RHB T.J. Gray
|
0-0: Ball 1-0: Ball 2-0: Called Strike 2-1: Swinging Strike 2-2: Foul Ball, location: 2F 2-2: Strikes out looking
|
Batting: RHB Wilford Harper
|
0-0: Called Strike 0-1: Ball 1-1: Fly out, F3 (Line Drive, 3, EV 70.0 MPH)
|
Batting: RHB Ricky Mejicanos
|
0-0: Ball 1-0: Foul Ball, location: 2F 1-1: Ball 2-1: Ball 3-1: Ground out 5-3 (Groundball, 56, EV 90.0 MPH)
|
Bottom of the 9th over - 0 runs, 0 hits, 0 errors, 0 left on base; Delmarva 5 - Burlington 2 |
|